 Dungeon Crawl Stone Soup version 0.19-a0-1608-g4cf22de (webtiles) character file.

51925 4thArraOfDagon the Carver (level 14, 1/110 HPs)
             Began as a Vampire Gladiator on Sept 17, 2016.
             Was the Champion of Okawaru.
             Quit the game on level 3 of the Elven Halls.
             The game lasted 00:50:43 (8884 turns).

4thArraOfDagon the Carver (Vampire Gladiator)       Turns: 8884, Time: 00:50:44

Health: 1/110      AC: 20    Str: 19    XL:     14   Next: 25%
Magic:  1/21       EV: 26    Int: 19    God:    Okawaru [******]
Gold:   851        SH:  0    Dex: 20    Spells: 0 memorised, 13 levels left

rFire  + . .     SeeInvis +     z - +10 great sword "Piche" {flame, +Rage MR+ Str+5 Dex-2}
rCold  . . .     Gourm    .     j - +2 mottled dragon armour "Pamio" {*Drain rF+ rN++ Int+8}
rNeg   + + .     Faith    +     (shield currently unavailable)
rPois  .         Spirit   .     (helmet restricted)
rElec  .         Dismiss  .     P - +2 cloak {MR+}
rCorr  .         Reflect  .     X - +1 pair of gloves {archery}
MR     +++..     Harm     .     W - +0 pair of boots {run}
Stlth  +++....... Rnd*Tele +    N - amulet of faith
                                d - +6 ring of protection
                                b - +3 ring of dexterity

@: heroism, finesse, corroded, very slightly contaminated, regenerating quickly,
quick
A: fangs 3, horns 1, see invisible, teleportitis 1, unbreathing, no device heal
1
a: Heroism, Finesse, Renounce Religion, Evoke Berserk Rage


You were on level 3 of the Elven Halls.
You worshipped Okawaru.
Okawaru was exalted by your worship.
You were very full.

You visited 5 branches of the dungeon, and saw 23 of its levels.
You also visited: Labyrinth and Ossuary.

You collected 1532 gold pieces.
You spent 681 gold pieces at shops.

Inventory:

Hand Weapons
 s - a +2 vampiric great sword
 t - the +9 arbalest "Dayvaywo" {velocity, rF+ rN+}
   (You found it on level 5 of the Dungeon)

   Any bolt fired from it inflicts extra damage.
   It protects you from fire.
   It protects you from negative energy.
 w - a +0 blowgun
 z - the +10 great sword "Piche" (weapon) {flame, +Rage MR+ Str+5 Dex-2}
   (Okawaru gifted it to you on level 2 of the Orcish Mines)

   It has been specially enchanted to burn those struck by it, causing extra
   injury to most foes and up to half again as much damage against particularly
   susceptible opponents.
   Big, fiery blades are also staple armaments of hydra-hunters.
   It affects your strength (+5).
   It affects your dexterity (-2).
   It affects your resistance to hostile enchantments.
   It lets you go berserk.
Missiles
 I - a throwing net
 O - 3 poisoned javelins (quivered)
Armour
 a - the +1 helmet of Pan-Flutes {rF- MR++ Str+5}
   (You found it in a labyrinth)

   It affects your strength (+5).
   It makes you vulnerable to fire.
   It affects your resistance to hostile enchantments.
 j - the +2 mottled dragon armour "Pamio" (worn) {*Drain rF+ rN++ Int+8}
   (You took it off a minotaur in a labyrinth)

   It affects your intelligence (+8).
   It protects you from fire.
   It greatly protects you from negative energy.
   It causes draining when unequipped.
 L - a +1 cloak of invisibility
 P - a +2 cloak of magic resistance (worn)
 W - a +0 pair of boots of running (worn)
 X - a +1 pair of gloves of archery (worn)
Magical Staves
 G - an uncursed staff of summoning {unknown}
Jewellery
 b - a +3 ring of dexterity (left hand)
 c - an uncursed ring of wizardry
 d - a +6 ring of protection (right hand)
 p - a cursed amulet of inaccuracy {unknown}
 F - an uncursed amulet of harm {unknown}
 N - an amulet of faith (around neck)
 T - a +5 ring of intelligence
Wands
 e - a wand of paralysis (8/24)
 y - a wand of paralysis (0/24)
 C - a wand of iceblast (7/15)
 E - a wand of paralysis (0/24)
 H - a wand of slowing (21/48)
 J - a wand of polymorph (2/24)
 K - a wand of digging (12/24)
 S - a wand of flame (13/48)
Scrolls
 h - 2 scrolls of enchant weapon
 i - 2 scrolls of magic mapping
 m - 3 scrolls of recharging
 n - 2 scrolls of fear
 o - a scroll of enchant armour
 r - 3 scrolls of remove curse
 B - 3 scrolls of fog
Potions
 f - 4 potions of flight
 g - 2 potions of magic {unknown}
 k - 2 potions of lignification
 l - 3 potions of resistance
 q - 8 potions of curing
 u - a potion of brilliance {unknown}
 v - a potion of haste {unknown}
 A - 3 potions of berserk rage
 D - 14 potions of blood
 R - 2 potions of might
 Z - a potion of agility {unknown}
Miscellaneous
 x - a lamp of fire


   Skills:
 + Level 10.0(15.0) Fighting
 * Level 14.9(19.9) Long Blades
 - Level 1.5(6.5) Throwing
 + Level 7.1(12.1) Armour
 + Level 11.7(16.7) Dodging
 + Level 9.6 Invocations
 - Level 3.0 Evocations


You had 13 spell levels left.
You didn't know any spells.

Dungeon Overview and Level Annotations

Branches:
Dungeon (11/15)            Temple (1/1) D:4            Lair (6/6) D:11
  Slime (0/5) Lair:6          Orc (2/2) D:11            Elf (3/3) Orc:2
  Swamp: Lair:2-4    Shoals: Lair:2-4     Snake: Lair:2-4    Spider: Lair:2-4

Altars:
Ashenzari
Cheibriados
Elyvilon
Fedhas
Gozag
Hepliaklqana
Kikubaaqudgha
Makhleb
Nemelex Xobeh
Okawaru
Qazlal
Trog
Vehumet
Beogh
Jiyva

Shops:
D:4 (   D:5 [   D:6 =   D:7 :   D:8 }}[   Orc:2 (::?

Annotations:
D:3 Sigmund
D:10 4thArraOfDagon's ghost, novice TrWr
Lair:4 exclusion: oklob plant


Innate Abilities, Weirdness & Mutations

Your natural rate of healing is unusually fast.
You have razor-sharp teeth.
You have supernaturally acute eyesight. (SInv)
You can survive without breathing.
You have a pair of small horns on your head.
You are occasionally teleported next to monsters.
Potions and wands are less effective at restoring your health.


Message History

You hear rumbling.
The deep elf annihilator casts a spell at you.
The crystal spear hits you!
* * * LOW HITPOINT WARNING * * *
The small abomination hits you.
* * * LOW HITPOINT WARNING * * *
The lorocyproca completely misses you.
You riposte.
You hit the lorocyproca but do no damage.
The lorocyproca is moderately wounded.
A deep elf blademaster comes into view. It is wielding two rapiers.
Unknown command.
Unknown command.
Unknown command.
Unknown command.
Unknown command.
Unknown command.
Unknown command.
Unknown command.
Unknown command.
Are you sure you want to abandon this character and quit the game? (Confirm with "yes".)

*** *******************
*,,
**,,,,,,**,,,,,,,,,***,,
*,,,,,,,,**,,,,,,,,,**,,
*,,,,,##+###,,,,,,,,**,,
*,,,,##4...##,,,,,,,**,,
*,,,##23e⌠..+,,,,,,,**,,
*,,*#e4@x...#**,,,,,**,,
*,*#..e1e1!##,**,,,,***+
**#...ee..##,,,**,,,**,,
##.e...e.##,,,,,**,,**,,
*#.?.#.e.##,,,*,,,**,**,,
#..e###...,,,***,,,****,,
##.e.#..e.,,,,*,,,** *,,
##.....e.,,,,,,,** *,,
*#....e.,,,,,,** *,,


You could see a Hell Sentinel, a deep elf blademaster, an Ice Fiend, a
lorocyproca (invisible), a deep elf master archer, 4 deep elf annihilators, a
deep elf sorcerer, a deep elf elementalist, a sun demon, 2 deep elf
demonologists, 3 deep elf high priests, a hellwing, a rust devil and a small
abomination.

Vanquished Creatures
  Gastronok (Lair:2)
  An orc warlord (Orc:2)
  A deep elf sorcerer (Elf:3)
  A deep elf demonologist (Elf:3)
  An ettin (Orc:2)
  Erolcha (Orc:2)
  A minotaur (Lab)
  A deep elf high priest (Elf:3)
  Harold (Lair:3)
  2 hydras
  2 catoblepae
  5 death yaks (Lair:6)
  A queen ant (Lair:2)
  A dancing weapon (Elf:3)
  A deep troll shaman (Lair:6)
  Urug (Lair:3)
  2 hill giants
  A lindwurm (Lair:6)
  An orc knight (Orc:2)
  5 deep elf magi
  10 orc sorcerers
  4 black mambas
  3 elephants (Lair:6)
  A torpor snail (Lair:3)
  A centaur skeleton (D:11)
  8 spiny frogs
  2 gargoyles (D:11)
  A rime drake (Lair:2)
  A komodo dragon (Lair:4)
  2 two-headed ogres
  A troll (Orc:2)
  3 hippogriffs
  Grinder (D:5)
  4 blink frogs (Lair:2)
  Prince Ribbit (Lair:2)
  A boulder beetle (Lair:6)
  2 redbacks (Lab)
  2 wyverns
  32 yaks
  5 basilisks
  A hungry ghost (D:7)
  A steam dragon (D:8)
  A warg (Orc:1)
  Menkaure (D:7)
  5 soldier ants (Lair:2)
  A porcupine (Lair:1)
  11 water moccasins
  2 black bears (Lair:6)
  20 orc warriors
  A wasp (D:11)
  An ice beast (D:9)
  A phantom (D:9)
  9 wolves (Lair:6)
  10 ogres
  3 centaurs
  11 crocodiles
  A big kobold (D:7)
  An elf zombie (Ossuary)
  5 bullfrogs
  A water moccasin zombie (D:10)
  2 scorpions
  20 killer bees
  An electric eel (Lair:1)
  8 wights
  3 howler monkeys
  A bullfrog zombie (D:8)
  A crimson imp (D:6)
  10 orc priests
  A human zombie (Ossuary)
  A quasit (D:6)
  4 hounds
  3 jellies
  6 iguanas
  29 worker ants
  33 orc wizards
  3 big kobold zombies (Ossuary)
  3 mummies (Ossuary)
  A hound zombie (Ossuary)
  6 adders
  56 river rats
  2 shadow imps
  3 adder skeletons
  6 adder zombies (Ossuary)
  2 worms (D:4)
  3 leopard geckos
  78 orcs
  2 ball pythons
  A giant cockroach (D:4)
  A gnoll zombie (Ossuary)
  A goblin (D:3)
  A hobgoblin (D:2)
  16 jackals
  7 kobolds (D:7)
  A quokka (D:11)
  A bat (D:11)
  A frilled lizard (D:2)
  3 goblin zombies (Ossuary)
  4 hobgoblin zombies (Ossuary)
  A jackal skeleton (D:6)
  3 jackal zombies (Ossuary)
  4 kobold zombies (Ossuary)
  A leopard gecko zombie (D:7)
  A quokka skeleton (D:9)
  A quokka zombie (Ossuary)
  3 rats (D:11)
  4 rat zombies (Ossuary)
  A butterfly (Lair:6)
547 creatures vanquished.

Vanquished Creatures (others)
  A death yak (Lair:6)
  A yak (Lair:6)
  12 fungi (D:11)
  3 plants
17 creatures vanquished.

Grand Total: 564 creatures vanquished

Notes
Turn   | Place    | Note
-------+----------+-------------------------------------------
     0 | D:1      | 4thArraOfDagon the Vampire Gladiator began the quest for the Orb.
     0 | D:1      | Reached XP level 1. HP: 16/16 MP: 1/1
   185 | D:2      | Reached XP level 2. HP: 15/22 MP: 2/2
   279 | D:3      | Found a bloodstained altar of Trog.
   279 | D:3      | Found a hazy altar of Hepliaklqana.
   403 | D:3      | Noticed Sigmund
   463 | D:4      | Reached XP level 3. HP: 18/28 MP: 3/3
   473 | D:4      | Found Caulejem's Weapon Emporium.
   481 | D:4      | Bought a cursed -1 scimitar for 1 gold piece
   491 | D:4      | Found a staircase to the Ecumenical Temple.
   502 | Temple   | Entered the Ecumenical Temple
   530 | Temple   | Became a worshipper of Warmaster Okawaru
   568 | D:4      | Found a shattered altar of Ashenzari.
   642 | D:4      | Noticed a centaur
   655 | D:4      | Killed a centaur
   655 | D:4      | Reached skill level 4 in Long Blades
   655 | D:4      | Reached XP level 4. HP: 20/34 MP: 4/4
   655 | D:4      | Reached XP level 5. HP: 24/40 MP: 5/5
   739 | D:5      | Entered Level 5 of the Dungeon
   760 | D:5      | Got a transparent arbalest
   779 | D:5      | Found a sand-covered staircase.
   788 | Ossuary  | Entered an ossuary
   803 | Ossuary  | Reached skill level 1 in Invocations
   839 | Ossuary  | Reached * piety under Okawaru
   956 | Ossuary  | Reached skill level 5 in Long Blades
   979 | Ossuary  | Reached XP level 6. HP: 14/47 MP: 4/7
  1152 | Ossuary  | Identified the +9 arbalest "Dayvaywo" {velocity, rF+ rN+} (You found it on level 5 of the Dungeon)
  1277 | D:5      | Noticed Grinder
  1278 | D:5      | Found Gacig's Antique Armour Boutique.
  1301 | D:5      | Killed Grinder
  1301 | D:5      | Reached skill level 6 in Long Blades
  1301 | D:5      | Reached skill level 5 in Dodging
  1301 | D:5      | Reached XP level 7. HP: 50/52 MP: 5/8
  1366 | D:6      | Found Dishraste's Jewellery Emporium.
  1446 | D:6      | Reached ** piety under Okawaru
  1552 | D:6      | Reached XP level 8. HP: 42/60 MP: 8/10
  1644 | D:6      | Reached skill level 7 in Long Blades
  1764 | D:6      | Identified the Incunabulum of Mutagenic Ignition
  1793 | D:7      | Noticed Menkaure
  1960 | D:7      | Found Ferysuge's Book Emporium.
  2200 | D:7      | Killed Menkaure
  2294 | D:8      | Found Qaba's Gadget Shop.
  2328 | D:8      | Reached skill level 8 in Long Blades
  2343 | D:8      | Reached *** piety under Okawaru
  2343 | D:8      | Reached skill level 5 in Fighting
  2352 | D:8      | Reached XP level 9. HP: 19/68 MP: 9/12
  2371 | D:8      | Found Tunieh's Gadget Boutique.
  2489 | D:8      | Noticed Maurice
  2496 | D:8      | Noticed Maurice
  2496 | D:8      | Maurice changed into Maurice the water moccasin
  2500 | D:8      | Killed Maurice the water moccasin
  2587 | D:8      | Found Viat's Armour Shoppe.
  2751 | D:9      | Received a gift from Okawaru
  2787 | D:9      | Reached skill level 9 in Long Blades
  3048 | D:9      | Reached skill level 5 in Invocations
  3218 | D:9      | Reached **** piety under Okawaru
  3248 | D:10     | Entered Level 10 of the Dungeon
  3302 | D:11     | Noticed a hill giant
  3423 | D:10     | Reached skill level 1 in Armour
  3436 | D:10     | Reached XP level 10. HP: 67/76 MP: 11/14
  3459 | D:10     | Noticed a hill giant
  3614 | D:10     | Killed a hill giant
  3614 | D:10     | Reached skill level 10 in Long Blades
  3854 | D:10     | Noticed 4thArraOfDagon's ghost (novice TrWr)
  4045 | D:11     | Found a staircase to the Lair.
  4239 | D:11     | Reached ***** piety under Okawaru
  4365 | D:11     | Killed a hill giant
  4409 | D:11     | Noticed a gargoyle
  4453 | D:11     | Killed a gargoyle
  4453 | D:11     | Received a gift from Okawaru
  4453 | D:11     | Reached XP level 11. HP: 35/84 MP: 9/15
  4486 | D:11     | Reached skill level 11 in Long Blades
  4552 | D:11     | Found a staircase to the Orcish Mines.
  4576 | D:11     | Found a roughly hewn altar of Beogh.
  4689 | Orc:1    | Entered Level 1 of the Orcish Mines
  4689 | Orc:1    | Noticed an orc sorcerer
  4694 | Orc:1    | Noticed a soul eater
  4700 | Orc:1    | Killed an orc sorcerer
  4983 | Orc:2    | Entered Level 2 of the Orcish Mines
  5070 | Orc:2    | Noticed an orc knight
  5094 | Orc:2    | Killed an orc knight
  5143 | Orc:2    | Noticed an ettin
  5167 | Orc:2    | Killed an ettin
  5359 | Orc:2    | Found a staircase to the Elven Halls.
  5475 | Orc:2    | Noticed an orc warlord
  5493 | Orc:2    | Killed an orc warlord
  5493 | Orc:2    | Received a gift from Okawaru
  5635 | Orc:2    | Noticed a deep elf mage
  5639 | Orc:2    | Killed a deep elf mage
  5639 | Orc:2    | Reached skill level 12 in Long Blades
  5674 | Orc:2    | Noticed an orc sorcerer
  5691 | Orc:2    | Killed an orc sorcerer
  5707 | Orc:2    | Noticed an orc sorcerer
  5728 | Orc:2    | Killed an orc sorcerer
  5758 | Orc:2    | Noticed an orc sorcerer
  5801 | Orc:2    | Killed an orc sorcerer
  5817 | Orc:2    | Found Vudetex's Antique Weapon Shop.
  5833 | Orc:2    | Reached XP level 12. HP: 57/92 MP: 17/17
  5853 | Orc:2    | jacquesderrida: gladiatar
  5895 | Orc:2    | Noticed Erolcha
  5928 | Orc:2    | Found an ancient bone altar of Kikubaaqudgha.
  5979 | Orc:2    | Found Lux Yxotz's Book Shop.
  6000 | Orc:2    | Reached skill level 10 in Dodging
  6011 | Orc:2    | Killed Erolcha
  6016 | Orc:2    | Found a radiant altar of Vehumet.
  6032 | Orc:2    | Received a gift from Okawaru
  6033 | Orc:2    | Got a dazzling great sword {god gift}
  6034 | Orc:2    | Identified the +10 great sword "Piche" {flame, +Rage MR+ Str+5 Dex-2} (Okawaru gifted it to you on level 2 of the Orcish Mines)
  6049 | Orc:2    | Reached skill level 5 in Armour
  6063 | Orc:2    | Found a roughly hewn altar of Beogh.
  6063 | Orc:2    | Found Ruapte's Book Shop.
  6113 | Orc:2    | Found Rafasobb's Magic Scroll Boutique.
  6124 | Orc:2    | Bought a scroll of magic mapping for 49 gold pieces
  6124 | Orc:2    | Bought a scroll of blinking for 105 gold pieces
  6124 | Orc:2    | Bought a scroll of fog for 28 gold pieces
  6422 | D:5      | Bought a faintly humming helmet for 256 gold pieces
  6422 | D:5      | Bought a pair of embroidered gloves for 121 gold pieces
  6422 | D:5      | Bought a pair of glowing boots for 121 gold pieces
  6432 | D:5      | Identified the cursed +0 helmet "Juliw" {+Inv} (You bought it in a shop on level 5 of the Dungeon)
  6442 | D:5      | Identified a +0 pair of boots of running (You bought it in a shop on level 5 of the Dungeon)
  6630 | Lair:1   | Entered Level 1 of the Lair of Beasts
  6745 | Lair:1   | Found a labyrinth entrance.
  6754 | Lab      | Entered a labyrinth
  6900 | Lab      | Noticed a minotaur
  6904 | Lab      | Killed a minotaur
  6904 | Lab      | Reached skill level 13 in Long Blades
  6906 | Lab      | Got a sapphire-encrusted mottled dragon armour
  6919 | Lab      | Got a fine helmet
  6919 | Lab      | Got a polished plate armour
  6936 | Lair:1   | Identified the cursed +1 plate armour of Dishonour {*Corrode rPois Regen+ Slay+4} (You found it in a labyrinth)
  6946 | Lair:1   | Identified the +1 helmet of Pan-Flutes {rF- MR++ Str+5} (You found it in a labyrinth)
  6957 | Lair:1   | Identified the +2 mottled dragon armour "Pamio" {*Drain rF+ rN++ Int+8} (You took it off a minotaur in a labyrinth)
  7029 | Lair:1   | 4thArraOfDagon: lagg
  7029 | Lair:1   | Received a gift from Okawaru
  7087 | Lair:2   | Noticed Gastronok
  7095 | Lair:2   | Killed Gastronok
  7159 | Lair:2   | Got a smoking leather armour
  7197 | Lair:2   | Noticed a queen ant
  7214 | Lair:2   | Killed a queen ant
  7313 | Lair:2   | Reached XP level 13. HP: 71/100 MP: 16/19
  7356 | Lair:2   | Noticed Prince Ribbit
  7363 | Lair:2   | Killed Prince Ribbit
  7392 | Lair:3   | Noticed Harold
  7498 | Lair:3   | Noticed Urug
  7513 | Lair:3   | Killed Urug
  7717 | Lair:6   | Entered Level 6 of the Lair of Beasts
  7821 | Lair:6   | Received a gift from Okawaru
  7833 | Lair:6   | Reached skill level 14 in Long Blades
  7882 | Lair:6   | Gained mutation: You have a pair of small horns on your head. [potion of mutation]
  7882 | Lair:6   | Gained mutation: Your spells are a little harder to cast, but a little more powerful. [potion of mutation]
  7882 | Lair:6   | Lost mutation: Your spells are a little harder to cast, but a little more powerful. [potion of mutation]
  7883 | Lair:6   | Gained mutation: Potions and wands are less effective at restoring your health. [potion of mutation]
  7883 | Lair:6   | Gained mutation: You are occasionally teleported next to monsters. [potion of mutation]
  7894 | Lair:6   | Identified the +3 leather armour "Paasott" {MR+ rCorr SInv Stlth+} (You found it on level 2 of the Lair of Beasts)
  7919 | Lair:6   | Reached skill level 1 in Evocations
  7957 | Lair:6   | Received a gift from Okawaru
  8342 | Lair:6   | Found a staircase to the Slime Pits.
  8343 | Lair:6   | Found a viscous altar of Jiyva.
  8423 | Lair:5   | Received a gift from Okawaru
  8435 | Lair:5   | Reached XP level 14. HP: 106/109 MP: 19/21
  8494 | Lair:4   | Reached ****** piety under Okawaru
  8535 | Lair:3   | Killed Harold
  8677 | Elf:1    | Entered Level 1 of the Elven Halls
  8768 | Elf:3    | Entered Level 3 of the Elven Halls
  8797 | Elf:3    | Reached skill level 10 in Fighting
  8859 | Elf:3    | Noticed a deep elf master archer
  8859 | Elf:3    | Noticed a deep elf elementalist
  8859 | Elf:3    | WTF
  8860 | Elf:3    | Noticed a deep elf sorcerer
  8860 | Elf:3    | 4thArraOfDagon: how
  8861 | Elf:3    | Noticed a deep elf elementalist
  8861 | Elf:3    | Noticed a deep elf sorcerer
  8862 | Elf:3    | Noticed an Executioner
  8866 | Elf:3    | Killed a deep elf sorcerer
  8875 | Elf:3    | Received a gift from Okawaru
  8877 | Elf:3    | Noticed an Ice Fiend
  8878 | Elf:3    | Noticed a Hell Sentinel
  8881 | Elf:3    | Noticed a deep elf sorcerer
  8883 | Elf:3    | HP: 4/110 [deep elf annihilator/crystal spear (9)]
  8883 | Elf:3    | HP: 1/110 [small abomination[a deep elf high priest] (3)]
  8884 | Elf:3    | Noticed a deep elf blademaster
  8884 | Elf:3    | 4thArraOfDagon: best mut btw
  8884 | Elf:3    | wazuzu: ywes :(
  8884 | Elf:3    | 4thArraOfDagon: this mutation is OP
  8884 | Elf:3    | 4thArraOfDagon: do you know how to deal with it?
  8884 | Elf:3    | 4thArraOfDagon: no stasis
  8884 | Elf:3    | 4thArraOfDagon: no tele scrolls
  8884 | Elf:3    | 4thArraOfDagon: no tele wands
  8884 | Elf:3    | 4thArraOfDagon: insta RIP
  8884 | Elf:3    | Quit the game

Vault maps used:
D:1:      dpeg_arrival_brainrot, corexii_leaking_fountain
D:2:      first_bread
D:3:      minitemple, minmay_tree_intersection, nicolae_underground_beach,
          uniq_sigmund
D:4:      grunt_dithmenos_shadows, cheibrodos_ashenzari_chains, serial_shops,
          shop, xom_teletrap_fun, uniq_natasha
D:5:      serial_shops, nicolae_shop_overgrown_old_shop,
          lightli_ossuary_entry_decrepit_ruins, uniq_crazy_yiuf_cottage,
          uniq_grinder
D:6:      serial_shops, kennysheep_mini
D:7:      led_sif_book, serial_shops, shop, serial_corexii_hall,
          corexii_hall_statues_u, corexii_hall_statues_l, uniq_menkaure
D:8:      serial_shops, shop, nicolae_shop_crystal, kennysheep_mini_moat, shop,
          uniq_maurice
D:9:      grunt_livestock
D:11:     due_lair_maze_entry_diamond, minmay_orc_entry_temple_small
Temple:   regret_index_temple_sphere_string
Lair:1:   lab_entry_generic, infiniplex_staircase_pool, lemuel_fruit_tree
Lair:2:   zaba_antful_of_joy, uniq_prince_ribbit2, uniq_gastronok
Lair:3:   uniq_harold, uniq_urug
Lair:4:   shoals_dummy_entry, minmay_snake_entry_guardpost_small,
          grunt_megastairs_4, infiniplex_staircase_pool_2
Lair:6:   grunt_lair_end_beastmaster, slime_altar_1, grunt_megastairs_1,
          lemuel_fruit_fields
Orc:2:    kennysheep_orc_mage_school, statue_in_the_mist_lemuel,
          minmay_orc_barracks
Elf:1:    minmay_elf_arrival_summoners, serial_shops, shop, nicolae_shop_trees,
          shop, minmay_elf_crystal_hexagon
Elf:2:    serial_sigils, serial_sigils_hangedman_snap,
          serial_sigils_hangedman_snap, serial_sigils_hangedman_quiver,
          basic_altar
Elf:3:    minmay_elf_hall_x, serial_shops, shop, spider_trap, grunt_megastairs_2
Lab:      labyrinth_watery, nicolae_lab_arrow, labyrinth_skeletal_remains,
          lab_hedge
Ossuary:  minmay_ossuary_two_tombs

Skill      XL: |  1  2  3  4  5  6  7  8  9 10 11 12 13 14 |
---------------+-------------------------------------------+-----
Fighting       | 2 3 4 5 6 7 8 9 10 | 10.0
Long Blades    | 4 5 6 8 9 10 12 13 14 | 14.9
Dodging        | 4 5 6 7 8 9 10 11 | 11.7
Invocations    | 1 2 3 4 5 6 7 8 9 |  9.6
Armour         | 1 2 4 5 6 7 |  7.1
Evocations     | 2 3 |  3.0
Throwing       | |  1.5

Action                   |  1- 3 |  4- 6 |  7- 9 | 10-12 | 13-15 || total
-------------------------+-------+-------+-------+-------+-------++-------
Melee: Long sword        |    92 |   253 |   435 |       |       ||   780
       Bite              |    11 |    41 |    72 |   116 |    54 ||   294
       Punch             |       |     1 |     6 |    10 |       ||    17
       Scimitar          |       |       |   102 |   634 |       ||   736
       Great sword       |       |       |       |   211 |   361 ||   572
       Headbutt          |       |       |       |       |    54 ||    54
Throw: Throwing net      |     2 |     3 |     1 |       |       ||     6
Invok: Heroism           |       |     5 |    25 |    42 |    16 ||    88
       Finesse           |       |       |       |     9 |     3 ||    12
Evoke: Wand              |       |     2 |    16 |     7 |     1 ||    26
  Use: Potion            |     1 |       |     8 |    11 |     6 ||    26
       Scroll            |       |     5 |     6 |    15 |     5 ||    31
 Stab: Held in net/web   |     1 |     3 |     4 |       |       ||     8
       Paralysed         |       |     7 |    33 |       |       ||    40
       Sleeping          |       |       |       |     1 |     5 ||     6
       Petrifying        |       |       |       |       |     2 ||     2
       Distracted        |       |       |       |       |     1 ||     1
       Petrified         |       |       |       |       |     1 ||     1
  Eat: Corpse            |     7 |     1 |    17 |    23 |     4 ||    52
Armor: Scale mail        |    38 |    54 |       |       |       ||    92
       Leather armour    |     1 |       |       |       |       ||     1
       Chain mail        |       |     5 |   235 |   162 |       ||   402
       Skin              |       |       |     5 |       |       ||     5
       Mottled dragon ar |       |       |       |    10 |    71 ||    81
Dodge: Dodged            |    55 |   110 |   214 |   346 |   215 ||   940
